 Dungeon Crawl Stone Soup version 0.21.1-1-g345015f (console) character file.

56 Jenz the Sneak (level 3, -7/25 HPs)
             Began as a Vampire Enchanter on July 21, 2018.
             Killed by divine providence
             ... invoked by an orc priest
              (10 damage)
             ... on level 3 of the Dungeon on July 23, 2018.
             The game lasted 00:22:07 (2355 turns).

Jenz the Sneak (Vampire Enchanter)                  Turns: 2355, Time: 00:22:08

Health: -7/25      AC:  4    Str:  7    XL:     3   Next: 71%
Magic:  6/6        EV: 13    Int: 17    God:
Gold:   116        SH:  0    Dex: 15    Spells: 3/6 levels left

rFire    . . .     SeeInvis +   a - +2 dagger
rCold    . . .     Gourm    +   (no shield)
rNeg     + . .     Faith    .   b - +0 robe
rPois    .         Spirit   .   g - +1 helmet {SInv}
rElec    .         Reflect  .   (no cloak)
rCorr    .         Harm     .   (no gloves)
MR       .....                  (no boots)
Stlth    +++.......             n - amulet of the gourmand
HPRegen  0.08/turn              (no ring)
MPRegen  0.10/turn              (no ring)

@: flying
A: fangs 3, see invisible, unbreathing
a: Bat Form


You were on level 3 of the Dungeon.
You were not thirsty.

You visited 1 branch of the dungeon, and saw 3 of its levels.

You collected 116 gold pieces.

Inventory:

Hand Weapons
 a - a +2 dagger (weapon)
Missiles
 l - 4 needles of sleeping
Armour
 b - a +0 robe (worn)
 g - a +1 helmet of see invisible (worn)
Jewellery
 n - an amulet of the gourmand (around neck)
Scrolls
 k - a scroll of enchant armour
Potions
 d - 6 potions of blood
 f - 3 potions of lignification
 h - 2 potions of brilliance {unknown}
 i - a potion of curing {unknown}
 j - a potion of invisibility {unknown}
 m - a potion of resistance
Books
 c - a book of Maledictions

   Spells                             Type                      Level
   a - Corona                         Hexes                        1
   b - Ensorcelled Hibernation        Hexes/Ice                    2
   c - Confuse                        Hexes                        3
   d - Tukima's Dance                 Hexes                        3
   e - Dazzling Spray                 Conjuration/Hexes            3


   Skills:
 + Level 0.4 Fighting
 + Level 1.5 Short Blades
 + Level 2.4 Dodging
 + Level 5.9 Stealth
 + Level 2.1 Spellcasting
 + Level 5.0 Hexes


You had 3 spell levels left.
You knew the following spells:

 Your Spells              Type           Power        Failure   Level  Hunger
a - Corona                Hex            ###....      2%          1    #......
b - Ensorcelled Hibernat  Hex/Ice        ##....       11%         2    ###....


Dungeon Overview and Level Annotations

Branches:
Dungeon (3/15)

Altars:


Innate Abilities, Weirdness & Mutations

You have razor-sharp teeth.
You have supernaturally acute eyesight. (SInv)
You can survive without breathing.


Message History

The goblin closely misses you. The bat closely misses you.
An orc comes into view. It is wielding a flail.
The bat misses you.
The orc priest calls down the wrath of Beogh upon you.
Beogh smites you! The orc completely misses you.
It was a potion of flight.
You feel very buoyant.
You fly up into the air.
The frilled lizard hisses angrily.
The orc shouts!
The bat closely misses you. The orc closely misses you.
The bat hits you but does no damage. The goblin hits you but does no damage.
The bat hits you but does no damage. The frilled lizard barely misses you.
The orc priest invokes the aid of Beogh against you.
Beogh smites you!
* * * LOW HITPOINT WARNING * * *
The bat misses you. The bat closely misses you.
The orc priest calls down the wrath of Beogh upon you.
Beogh smites you!
You die...

#...<#....#
.#....#....#
......#.... ..
.......#.#.##...
............#...
...............
#.....<...# #
#...%.@#.##.#
####....bl....#.#
#......g.#o####.##
#......go..........
#..........o.......
#.........o........
#?...$....o........
#####..............
#..............
#..............
#..............


You could see an orc priest, 4 orcs, 2 goblins, a bat and a frilled lizard.

Vanquished Creatures
  2 dart slugs
  A leopard gecko (D:2)
  8 bats
  6 giant cockroaches
  9 goblins
  5 hobgoblins
  2 jackals (D:1)
  A frilled lizard (D:1)
  6 kobolds
  4 rats
44 creatures vanquished.

Notes
Turn   | Place    | Note
-------+----------+-------------------------------------------
     0 | D:1      | Jenz the Vampire Enchanter began the quest for the Orb.
     0 | D:1      | Reached XP level 1. HP: 13/13 MP: 3/3
   217 | D:1      | Reached skill level 5 in Stealth
   249 | D:1      | Reached XP level 2. HP: 14/19 MP: 5/5
   329 | D:1      | Learned a level 2 spell: Ensorcelled Hibernation
  1563 | D:2      | Reached XP level 3. HP: 24/24 MP: 6/6
  1742 | D:2      | Reached skill level 5 in Hexes
  2355 | D:3      | Killed from afar by an orc priest

Skill      XL: |  1  2  3 |
---------------+----------+-----
Stealth        | 5 |  5.9
Hexes          | 5 |  5.0
Fighting       | |  0.4
Short Blades   | |  1.5
Dodging        | |  2.4
Spellcasting   | |  2.1

Action                   || total
-------------------------++-------
Melee: Dagger            ||   144
       Bite              ||     9
 Cast: Corona            ||     1
       Ensorcelled Hiber ||     1
  Use: Scroll            ||     6
       Potion            ||     2
 Stab: Sleeping          ||    11
  Eat: Corpse            ||     4
Armor: Robe              ||    58
Dodge: Dodged            ||   107
